 Dungeon Crawl Stone Soup version 0.30.0 (webtiles) character file.

Game seed: 4336569718930834147

19029 Persephone the Cleaver (level 12, -14/82 HPs)
             Began as a Gargoyle Fighter on May 5, 2023.
             Was a Believer of the Shining One.
             Demolished by a two-headed ogre
             ... wielding a +0 giant club
              (19 damage)
             ... on level 2 of the Orcish Mines.
             The game lasted 00:26:26 (13618 turns).

Persephone the Cleaver (Gargoyle Fighter)          Turns: 13618, Time: 00:26:27

Health: -14/82     AC: 21    Str: 24    XL:     12   Next: 64%
Magic:  16/18      EV:  8    Int: 16    God:    the Shining One [**....]
Gold:   1586       SH: 14    Dex:  9    Spells: 11/11 levels left

rFire   . . .        a - +1 war axe (heavy)
rCold   + . .        c - +0 buckler
rNeg    + + .        d - +1 chain mail {rC+}
rPois   ∞            n - +0 helmet
rElec   +            x - +0 cloak
rCorr   .            (no gloves)
SInv    .            (no boots)
Will    +....        C - amulet of the acrobat Stlth
                     o - +6 ring of intelligence
HPRegen 0.33/turn    D - ring of willpower
MPRegen 0.16/turn

%: acrobat
@: divinely shielded, glowing
A: sickness immunity, AC +8, negative energy resistance 1, electricity
resistance, torment resistance 1, petrification resistance
a: Renounce Religion, Divine Shield


You were on level 2 of the Orcish Mines.
You worshipped the Shining One.
The Shining One was pleased with you.
You visited 4 branches of the dungeon, and saw 15 of its levels.
You also visited: Bailey.

You collected 1622 gold pieces.
You donated 36 gold pieces to Zin.

Inventory:

Hand Weapons
 a - a +1 heavy war axe (weapon)
Missiles
 m - 6 throwing nets
Armour
 b - a +0 scale mail
 c - a +0 buckler (worn)
 d - a +1 chain mail of cold resistance (worn)
 n - a +0 helmet (worn)
 x - a +0 cloak (worn)
Jewellery
 e - a ring of wizardry
 o - a +6 ring of intelligence (left hand)
 C - an amulet of the acrobat (around neck)
 D - a ring of willpower (right hand)
Wands
 j - a wand of polymorph (8)
 t - a wand of roots (5)
 v - a wand of acid (7)
 H - a wand of paralysis (5)
Scrolls
 h - 2 scrolls of poison
 l - 6 scrolls of teleportation
 y - 2 scrolls of magic mapping
 G - a scroll of torment {unknown}
Potions
 f - a potion of curing
 g - 2 potions of flight
 i - 2 potions of attraction
 k - 2 potions of invisibility
 p - a potion of ambrosia
 q - a potion of magic
 r - 4 potions of berserk rage
 s - 3 potions of lignification
 u - 10 potions of degeneration
 w - 2 potions of haste
 z - 4 potions of brilliance
 A - a potion of cancellation {unknown}
 B - a potion of resistance {unknown}
 F - 5 potions of heal wounds
Miscellaneous
 E - a box of beasts


   Skills:
 + Level 12.3 Fighting
 * Level 14.1 Axes
 - Level 3.3 Armour
 - Level 3.3 Shields
 + Level 9.2 Invocations


You had 11 spell levels left.
You didn't know any spells.
Your spell library contained the following spells:

 Spells                   Type           Power      Damage    Failure   Level
 Shock                    Conj/Air       0%         1d3       86%         1
 Slow                     Hex            0%         N/A       86%         1
 Blink                    Tloc           0%         N/A       95%         2
 Confusing Touch          Hex            0%         N/A       99%         3
 Swiftness                Air            0%         N/A       99%         3
 Vampiric Draining        Necr           0%         2d6       99%         3
 Airstrike                Air            0%         2d(0-16)  100%        4
 Manifold Assault         Tloc           0%         N/A       100%        4
 Storm Form               Tmut/Air       0%         N/A       100%        7


Dungeon Overview and Level Annotations

Branches:
Dungeon (11/15)            Temple (1/1) D:7            Lair (1/5) D:8
    Orc (2/2) D:9          Bailey (visited)
    Elf: Orc:2

Altars:
Ashenzari
Cheibriados
Dithmenos
Elyvilon
Fedhas
Gozag
Hepliaklqana
Makhleb
Nemelex Xobeh
Qazlal
Ru
Sif Muna
Trog
Uskayaw
Vehumet
Wu Jian
Xom
Yredelemnul
Zin
The Shining One

Shops:
D:3 **   Orc:2 *(

Annotations:
Temple 2 transporters


Innate Abilities, Weirdness & Mutations

You are immune to sickness and miasma.
Your stone body is resilient. (AC +8)
You are immune to poison.
You resist negative energy. (rN+)
You are resistant to electric shocks. (rElec)
You are resistant to unholy torment.
You are immune to petrification.


Message History

The two-headed ogre attacks as you move away!
The two-headed ogre closely misses you.
The two-headed ogre completely misses you.
The troll bites you but does no damage. You block the troll's attack.
The troll claws you but does no damage.
You hit the troll.
The troll is lightly wounded.
You hit the two-headed ogre. You hit the ogre. You slice the two-headed ogre!!
You completely miss the troll.
You block the two-headed ogre's attack. x2
You block the troll's attack. The troll barely misses you.
The troll claws you but does no damage. The troll bites you but does no damage.
The troll claws you but does no damage. The troll claws you.
A two-headed ogre comes into view.
It is wielding a +0 giant spiked club and a +0 giant club.
A deep troll comes into view.
A troll comes into view.
The two-headed ogre hits you with a +0 giant club!
The two-headed ogre barely misses you. The ogre barely misses you.
The two-headed ogre hits you with a +0 giant club!
You block the two-headed ogre's attack.
The deep troll shouts!
The two-headed ogre shouts in stereo!
You slice the troll!!
The troll is severely wounded.
You slash the two-headed ogre! You slash the troll! You slice the ogre!!
You hit the two-headed ogre. You slash the ogre!
You hear a shout!
A two-headed ogre comes into view.
It is wielding a +0 giant club and a +0 giant spiked club.
The ogre hits you with a +0 giant spiked club!
* * * LOW HITPOINT WARNING * * *
The troll bites you.
* * * LOW HITPOINT WARNING * * *
The troll barely misses you. You block the troll's attack.
The troll barely misses you.
The troll claws you but does no damage. x2
The two-headed ogre hits you with a +0 giant club!
* * * LOW HITPOINT WARNING * * *
The two-headed ogre closely misses you. You block the troll's attack.
The troll closely misses you. x2; You block the troll's attack.
The troll claws you.
* * * LOW HITPOINT WARNING * * *
The troll claws you but does no damage.
The two-headed ogre hits you with a +0 giant club!!
You die...

..........#.#..#
..O........$......#
..∩....T.....#.....
...TOTT∩...........
....o........#.....
...................
.....COOO.........#
......)OOO$........
......)T@OO........
......).T..........
T.............#.#..
...#$..............
$. #{.^.$.....#...$
. .{.........##...C
...........## .#
...T.......#
.....#.#...


You could see 6 two-headed ogres, an ogre mage, 2 deep trolls, a cyclops, 5
trolls, an orc warrior and 3 ogres.

Vanquished Creatures
  Fannar (Lair:1)
  Harold (D:9)
  Amaemon (D:9)
  Lodul (D:11)
  A manticore (D:11)
  Joseph (D:7)
  4 cane toads (Lair:1)
  An orange demon (D:9)
  An unseen horror (D:6)
  2 rime drakes (Lair:1)
  5 komodo dragons
  4 trolls
  A wraith (D:11)
  18 yaks
  A vampire (D:11)
  A basilisk (Lair:1)
  2 wyverns
  Grum (D:11)
  A steam dragon (D:6)
  An acid dragon (D:11)
  7 water moccasins
  2 black bears
  2 ice beasts
  2 orc warriors
  13 ogres
  9 wolves
  12 centaurs
  9 gnoll sergeants
  7 bullfrogs
  4 scorpions
  5 wights (D:9)
  10 killer bees
  5 howler monkeys
  A jelly (D:6)
  8 hounds
  8 gnoll boudas
  6 orc priests
  10 iguanas
  Crazy Yiuf (D:5)
  8 orc wizards
  11 adders
  29 gnolls
  3 river rats (D:3)
  2 shadow imps
  5 white imps
  7 ufetubi
  10 dart slugs
  39 orcs
  5 endoplasms
  3 giant cockroaches
  6 goblins
  9 hobgoblins
  3 quokkas
  7 ball pythons
  5 bats
  3 frilled lizards
  5 kobolds
  9 rats
339 creatures vanquished.

Vanquished Creatures (others)
  A fungus (D:1)
  9 plants
  5 toadstools (D:1)
15 creatures vanquished.

Grand Total: 354 creatures vanquished

Notes
Turn   | Place    | Note
-------+----------+-------------------------------------------
     0 | D:1      | Persephone the Gargoyle Fighter began the quest for the
                  | Orb.
     0 | D:1      | Reached XP level 1. HP: 14/14 MP: 1/1
   136 | D:1      | Reached skill level 2 in Axes
   147 | D:1      | Reached XP level 2. HP: 13/19 MP: 2/2
   639 | D:2      | Reached XP level 3. HP: 24/24 MP: 3/3
  1100 | D:2      | Reached skill level 3 in Axes
  1130 | D:2      | You fall into a shaft and drop 1 floor!
  1135 | D:3      | Reached XP level 4. HP: 29/29 MP: 4/4
  1278 | D:3      | Reached XP level 5. HP: 31/34 MP: 5/5
  1344 | D:3      | Found Dutoisur's Assorted Antiques.
  1518 | D:3      | Reached skill level 4 in Axes
  1584 | D:3      | Found Hixia's Assorted Antiques.
  1660 | D:3      | Found an opulent altar of Gozag.
  1661 | D:3      | Found a snail-covered altar of Cheibriados.
  1877 | D:3      | Reached XP level 6. HP: 4/40 MP: 6/6
  1879 | D:3      | HP: 2/40 [giant cockroach (2)]
  2268 | D:4      | Reached skill level 5 in Fighting
  2437 | D:4      | Noticed a water moccasin
  2439 | D:4      | Reached skill level 5 in Axes
  2445 | D:4      | Killed a water moccasin
  2446 | D:4      | Reached XP level 7. HP: 33/44 MP: 7/7
  2795 | D:5      | Entered Level 5 of the Dungeon
  3233 | D:5      | Reached skill level 6 in Axes
  3486 | D:5      | Found a runed translucent door.
  3487 | D:5      | Noticed Crazy Yiuf
  3800 | D:5      | Killed Crazy Yiuf
  3871 | D:6      | Reached XP level 8. HP: 52/52 MP: 8/8
  3913 | D:6      | Reached skill level 7 in Axes
  4047 | D:6      | Found a hazy altar of Hepliaklqana.
  4054 | D:6      | Found a glowing silver altar of Zin.
  4082 | D:6      | Became a worshipper of Zin the Law-Giver
  4082 | D:6      | Reached * piety under Zin
  4217 | D:6      | Reached skill level 8 in Axes
  4229 | D:6      | Noticed a wyvern
  4234 | D:6      | Killed a wyvern
  4392 | D:6      | Reached XP level 9. HP: 46/59 MP: 9/9
  4442 | D:6      | Killed an unseen horror
  4443 | D:6      | Reached skill level 9 in Axes
  4874 | D:6      | Reached ** piety under Zin
  5125 | D:7      | Reached skill level 1 in Invocations
  5227 | D:7      | Noticed Joseph
  5238 | D:7      | Killed Joseph
  5445 | D:7      | Reached skill level 10 in Axes
  5622 | D:7      | Found a staircase to the Ecumenical Temple.
  5667 | Temple   | Entered the Ecumenical Temple
  5667 | Temple   | Found a transporter.
  5667 | Temple   | Found a transporter.
  5669 | Temple   | Found a transporter.
  5669 | Temple   | Found a transporter.
  5683 | Temple   | Fell from the grace of Zin
  5683 | Temple   | Became a worshipper of the Shining One
  5683 | Temple   | Reached * piety under the Shining One
  5848 | D:8      | Reached XP level 10. HP: 66/66 MP: 12/12
  5921 | D:8      | Found a flagged portal.
  5934 | Bailey   | Entered a bailey
  6264 | Bailey   | HP: 3/66 [gnoll/+0 trident (9)]
  7101 | D:8      | Found a staircase to the Lair.
  7546 | D:8      | Reached skill level 11 in Axes
  7551 | D:8      | Reached skill level 5 in Invocations
  7734 | D:8      | Reached skill level 10 in Fighting
  8194 | D:8      | Reached XP level 11. HP: 36/73 MP: 15/15
  8316 | D:9      | Reached ** piety under the Shining One
  8364 | D:9      | Found a staircase to the Orcish Mines.
  8703 | D:9      | Noticed Harold
  8709 | D:9      | Killed Harold
  8710 | D:9      | Reached skill level 12 in Axes
  8993 | D:9      | Noticed Amaemon
  9009 | D:9      | Killed Amaemon
  9381 | D:10     | Entered Level 10 of the Dungeon
 10417 | D:10     | Found a hide-covered altar of Uskayaw.
 10846 | D:11     | Noticed Lodul
 10855 | D:11     | Reached skill level 13 in Axes
 10870 | D:11     | Killed Lodul
 10871 | D:11     | Reached XP level 12. HP: 75/80 MP: 13/18
 11482 | D:11     | Noticed Grum
 11500 | D:11     | Killed Grum
 12242 | Lair:1   | Entered Level 1 of the Lair of Beasts
 12420 | Lair:1   | Noticed an eight-headed hydra
 12438 | Lair:1   | HP: 4/81 [eight-headed hydra (8)]
 13094 | Lair:1   | Noticed Fannar
 13104 | Lair:1   | Killed Fannar
 13105 | Lair:1   | Reached skill level 14 in Axes
 13519 | Orc:1    | Entered Level 1 of the Orcish Mines
 13606 | Orc:2    | Entered Level 2 of the Orcish Mines
 13606 | Orc:2    | Found Sunwyat's Antique Weapon Shoppe.
 13606 | Orc:2    | Found Qylit's Assorted Antiques.
 13607 | Orc:2    | Noticed a two-headed ogre
 13608 | Orc:2    | Noticed a two-headed ogre
 13609 | Orc:2    | Noticed a two-headed ogre
 13610 | Orc:2    | Noticed an ogre mage
 13613 | Orc:2    | Noticed an ettin
 13614 | Orc:2    | Noticed a two-headed ogre
 13617 | Orc:2    | Noticed a two-headed ogre
 13618 | Orc:2    | Noticed a two-headed ogre
 13618 | Orc:2    | Demolished by a two-headed ogre

Illustrated notes

Levels and vault maps discovered:
D:1:      psy_arrival_fountain, layout_rooms, minmay_gold_behind_fungi
D:2:      layout_basic
D:3:      kennysheep_slugbush, layout_loops_ring,
          gammafunk_temple_overflow_wave, serial_shops,
          nicolae_shop_overgrown_old_shop, shop, portal_sewer_entry_e
D:4:      layout_gridville, st_stairs_3
D:5:      layout_basic, serial_glass, glass_columns_c, glass_columns_a,
          glass_columns_a, glass_columns_b, glass_columns_a, glass_columns_b,
          feat_on_display, due_unseen_surprise, item_on_display_a,
          item_on_display_a, uniq_crazy_yiuf_cottage
D:6:      hangedman_cross_stitches, layout_rooms,
          chequers_temple_overflow_statue_of_worship, dk_noncrumbling_3,
          kennysheep_decorative_pillar, kennysheep_generic_room_12
D:7:      layout_cave_pools, temple_green, hangedman_decor_riveting, uniq_joseph
D:8:      layout_basic, lair_entry_dummy, enter_bailey_7, lemuel_flamethrower_2
D:9:      layout_long_grid, erik_orc_4, uniq_harold, uniq_amaemon
D:10:     layout_irregular_city, lemuel_coloured_pillars_altar
D:11:     layout_layer_cave, uniq_lodul, uniq_grum
Temple:   hellmonk_temple_divided_pantheon
Lair:1:   beast_lair_carwin_large_3, layout_concentric_octagons, uniq_fannar
Orc:1:    layout_diamond_mine
Orc:2:    st_orc_open, layout_caves, gammafunk_ghost_wrathful_warriors

Skill      XL: |  1  2  3  4  5  6  7  8  9 10 11 12 |
---------------+-------------------------------------+-----
Axes           | 2 3 4 5 6 8 10 11 13 14 | 14.1
Fighting       | 4 5 6 7 9 10 11 12 | 12.3
Invocations    | 3 5 8 9 |  9.2
Armour         | |  3.3
Shields        | |  3.3

Action                     |  1- 3 |  4- 6 |  7- 9 | 10-12 || total
---------------------------+-------+-------+-------+-------++-------
  Melee: War axe           |    32 |       |    52 |   353 ||   437
         Hand axe          |    58 |   138 |   236 |       ||   432
 Invoke: Divine Shield     |       |       |       |    11 ||    11
    Use: Potion            |       |     2 |     2 |     9 ||    13
         Scroll            |       |     9 |     5 |    13 ||    27
 Armour: Scale mail        |    41 |    44 |       |       ||    85
         Chain mail        |       |    27 |   217 |   349 ||   593
  Dodge: Dodged            |    46 |    49 |   126 |   314 ||   535
  Block: Buckler           |    12 |    28 |    63 |   235 ||   338
